 Dungeon Crawl Stone Soup version 0.30-a0-782-ge64f9170bb (webtiles) character file.

Game seed: 16258660686882812872

3029 mopl the Cleaver (level 9, 0/71 (78) HPs)
             Began as a Hill Orc Gladiator on Mar 2, 2023.
             Was a Follower of Beogh.
             Slain by a wight
             ... wielding a +3 great sword of freezing
              (2 damage)
             ... on level 7 of the Dungeon.
             The game lasted 00:11:00 (6970 turns).

mopl the Cleaver (Hill Orc Gladiator)               Turns: 6970, Time: 00:11:00

HP:   0/71 (78)     AC: 14    Str: 25    XL:     9   Next: 86%
MP:   11/11         EV: 12    Int:  8    God:    Beogh [*.....]
Gold: 116           SH:  0    Dex: 12    Spells: 5/8 levels left

rFire   + . .      SeeInvis .    T - +5 hand axe
rCold   . . .      Faith    .    (no shield)
rNeg    + . .      Spirit   .    D - +3 scale mail {rF+}
rPois   +          Reflect  .    c - +0 helmet
rElec   .          Harm     .    B - +0 cloak
rCorr   +          Rampage  .    (no gloves)
Will    .....                    h - +0 pair of boots Stlth
                                 (no amulet)
HPRegen 0.31/turn                V - ring "Cyrgh" {rPois rN+ rCorr Str+4}
MPRegen 0.12/turn                E - ring of flight

@: flying, drained
A: no striking features
a: Renounce Religion


You were on level 7 of the Dungeon.
You worshipped Beogh.
Beogh was aware of your devotion.
You visited 1 branch of the dungeon, and saw 7 of its levels.
You also visited: Sewer.

You collected 326 gold pieces.
You spent 210 gold pieces at shops.

Inventory:

Hand Weapons
 a - a +0 war axe
 P - a +3 heavy dire flail
 T - a +5 hand axe (weapon)
Missiles
 d - 2 throwing nets
 e - 6 javelins
 j - 4 boomerangs
 y - 18 poisoned darts (quivered)
 K - 11 atropa-tipped darts
 L - a curare-tipped dart
Armour
 c - a +0 helmet (worn)
 h - a +0 pair of boots (worn)
 q - a +0 plate armour
 B - a +0 cloak (worn)
 D - a +3 scale mail of fire resistance (worn)
Jewellery
 E - a ring of flight (right hand)
 V - the ring "Cyrgh" (left hand) {rPois rN+ rCorr Str+4}
   (You found it on level 7 of the Dungeon)

   [ring of resist corrosion]

   Str:       It affects your strength (+4).
   rPois:     It protects you from poison.
   rN:        It protects you from negative energy.
   rCorr:     It protects you from acid and corrosion.
Wands
 g - a wand of paralysis (8)
 u - a wand of polymorph (8)
 C - a wand of mindburst (12)
 G - a wand of flame (25)
 Q - a wand of iceblast (13)
Scrolls
 b - 4 scrolls of noise {unknown}
 f - 2 scrolls of torment {unknown}
 l - 5 scrolls of immolation
 m - 2 scrolls of magic mapping {unknown}
 n - a scroll of amnesia {unknown}
 o - 4 scrolls of poison {unknown}
 p - 2 scrolls of vulnerability {unknown}
 s - 6 scrolls of teleportation
 t - a scroll of blinking {unknown}
 x - 2 scrolls of enchant weapon {unknown}
 J - a scroll of enchant armour {unknown}
 O - a scroll of silence {unknown}
 R - a scroll of identify
 S - a scroll of fear {unknown}
 U - a scroll of summoning {unknown}
Potions
 i - 5 potions of heal wounds
 k - a potion of mutation {!q}
 r - a potion of brilliance
 v - a potion of haste
 w - 2 potions of curing
 z - a potion of might
 A - a potion of magic
 F - a potion of lignification {!q}
 H - 2 potions of berserk rage {!q}
 I - 2 potions of ambrosia
 M - 2 potions of flight
 N - a potion of cancellation


   Skills:
 + Level 6.6 Fighting
 * Level 10.5 Axes
 + Level 5.0 Throwing
 + Level 5.4 Armour
 + Level 5.0 Dodging
 + Level 2.8 Invocations
 + Level 3.0 Evocations


You had 5 spell levels left.
You knew the following spells:

 Your Spells              Type           Power      Damage    Failure   Level
a - Apportation           Tloc           0%         N/A       67%         1
e - Blink                 Tloc           0%         N/A       82%         2

Your spell library contained the following spells:

 Spells                   Type           Power      Damage    Failure   Level
 Necrotise                Necr           0%         1d4       67%         1
 Sandblast                Erth           0%         2d4       67%         1
 Sting                    Tmut/Pois      0%         1d3       67%         1
 Summon Small Mammal      Summ           0%         N/A       67%         1
 Passwall                 Tmut/Erth      0%         N/A       82%         2
 Poisonous Vapours        Pois/Air       0%         N/A       82%         2
 Scorch                   Fire           0%         2d5       82%         2
 Stone Arrow              Conj/Erth      0%         3d7       96%         3
 Flame Wave               Conj/Fire      0%         2d4       100%        4
 Manifold Assault         Tloc           0%         N/A       100%        4
 Olgreb's Toxic Radiance  Pois           0%         N/A       100%        4
 Summon Cactus Giant      Summ           0%         N/A       100%        6
 Storm Form               Tmut/Air       0%         N/A       100%        7


Dungeon Overview and Level Annotations

Branches:
Dungeon (7/15)             Temple (0/1) D:5           Sewer (visited)

Altars:
Ashenzari
Fedhas
Makhleb
Trog

Shops:
D:6 ([?*

Annotations:
D:5 1 runed translucent door, Crazy Yiuf


Message History

You feel stronger.
V - the ring "Cyrgh" (left hand) {rPois rN+ rCorr Str+4} You fly up into the air.
E - a ring of flight (right hand) Unknown command.
You see here a +0 short sword.
A sourceless malevolence fills the Dungeon...
With a horrendous wail, an alarm goes off!
A sentinel's mark forms upon you.
A wight is nearby!
Okay, then.
You slash the wight!
The wight is severely damaged.
The wight hits you with a +3 great sword of freezing!
You partially resist.
You feel drained. The wight freezes you.
You hit the wight but do no damage.
The wight is severely damaged.
The wight hits you but does no damage.
You closely miss the wight.
The wight is severely damaged.
You barely miss the wight.
The wight is severely damaged.
The sentinel's mark upon you fades away.
The wight hits you with a +3 great sword of freezing!
The wight freezes you!
You are too injured to fight recklessly!
You are too injured to fight recklessly!
You are too injured to fight recklessly!
You closely miss the wight.
The wight is severely damaged.
The wight hits you with a +3 great sword of freezing!
* * * LOW HITPOINT WARNING * * *
The wight freezes you.
* * * LOW HITPOINT WARNING * * *
You hit the wight.
The wight is almost destroyed.
The wight hits you with a +3 great sword of freezing!
* * * LOW HITPOINT WARNING * * *
You partially resist.
You feel drained.
You die...

############# ............#
...z..z.....# .#########z.#
#..# #..# #..############
### #....zz@......# ##.##
##.##########.#####.#.##
#.###.............###.#
######.....#####..##.##.#.##
#
..................##.###.##
# ######..######.##.##.###.#
## #..######.##.....##.#
.#.#
####.....^.#.#####..##.#
.#.# #.....####.#.# #..##.##


You could see 2 wights.

Vanquished Creatures
  Grinder (D:3)
  Sigmund (D:3)
  A wyvern (D:7)
  Menkaure (D:5)
  Edmund (D:6)
  An ice beast (D:5)
  2 sky beasts
  2 black bears (D:5)
  4 centaurs
  2 kobold brigands (Sewer)
  A phantom (D:6)
  Blork the orc (D:5)
  2 bullfrogs
  4 scorpions
  4 wights
  6 killer bees
  A howler monkey (D:6)
  A jelly (D:4)
  2 hounds
  Terence (D:3)
  Jessica (D:3)
  An iguana (D:5)
  Natasha (thrice) (D:3)
  3 adders
  A river rat (Sewer)
  2 ufetubi (D:6)
  A worm (D:6)
  A dart slug (D:3)
  7 orcs
  6 endoplasms
  6 goblins
  10 hobgoblins
  7 jackals
  6 quokkas
  6 ball pythons
  2 bats
  2 frilled lizards
  6 kobolds
  7 rats
117 creatures vanquished.

Vanquished Creatures (others)
  An orc priest (D:4)
  An orc (D:4)
2 creatures vanquished.

Grand Total: 119 creatures vanquished

Notes
Turn   | Place    | Note
-------+----------+-------------------------------------------
     0 | D:1      | mopl the Hill Orc Gladiator began the quest for the Orb.
     0 | D:1      | Reached XP level 1. HP: 18/18 MP: 1/1
   147 | D:1      | Reached XP level 2. HP: 25/25 MP: 2/2
   401 | D:1      | Reached skill level 2 in Throwing
   552 | D:2      | Found a faded altar of an unknown god.
   659 | D:2      | Reached skill level 1 in Armour
   679 | D:2      | Reached XP level 3. HP: 30/30 MP: 3/3
  1264 | D:3      | Noticed Jessica
  1333 | D:3      | Killed Jessica
  1334 | D:3      | Reached XP level 4. HP: 37/37 MP: 4/4
  1404 | D:3      | You fall into a shaft and drop 2 floors!
  1404 | D:5      | Entered Level 5 of the Dungeon
  1408 | D:5      | Found a staircase to the Ecumenical Temple.
  1424 | D:5      | Reached skill level 3 in Fighting
  1424 | D:5      | Reached skill level 5 in Axes
  1457 | D:5      | Noticed Blork the orc
  1458 | D:5      | Noticed a bullfrog
  1468 | D:5      | Killed a bullfrog
  1469 | D:5      | Reached skill level 2 in Armour
  1469 | D:5      | Reached skill level 3 in Dodging
  1469 | D:5      | Reached XP level 5. HP: 28/45 MP: 5/5
  1472 | D:5      | Killed Blork the orc
  1667 | D:5      | Reached XP level 6. HP: 31/51 MP: 6/6
  1754 | D:5      | Noticed Menkaure
  1762 | D:5      | Killed Menkaure
  1763 | D:5      | Reached skill level 6 in Axes
  1763 | D:5      | Reached skill level 3 in Throwing
  1936 | D:5      | Reached skill level 4 in Fighting
  1997 | D:5      | Noticed a black bear
  1998 | D:5      | Found a bloodstained altar of Trog.
  1998 | D:5      | Noticed a black bear
  2004 | D:5      | Killed a black bear
  2005 | D:5      | Reached skill level 3 in Armour
  2005 | D:5      | Reached XP level 7. HP: 58/59 MP: 7/7
  2017 | D:5      | Reached skill level 7 in Axes
  2145 | D:5      | Found a runed translucent door.
  2146 | D:5      | Noticed Crazy Yiuf
  2516 | D:5      | Found a broken altar of Ashenzari.
  2825 | D:3      | Noticed Terence
  2827 | D:3      | Noticed Ijyb
  2835 | D:3      | Killed Terence
  2836 | D:3      | Ijyb changed into Ijyb the bullfrog
  2836 | D:3      | Noticed Ijyb
  2844 | D:3      | Killed Ijyb the bullfrog
  2845 | D:3      | Reached XP level 8. HP: 29/67 MP: 8/8
  3055 | D:3      | Noticed Natasha
  3059 | D:3      | Killed Natasha
  3064 | D:3      | Noticed Natasha
  3065 | D:3      | Noticed Grinder
  3070 | D:3      | Paralysed by Grinder for 2 turns
  3073 | D:3      | Killed Natasha
  3076 | D:3      | Killed Grinder
  3077 | D:3      | Reached skill level 5 in Fighting
  3077 | D:3      | Reached skill level 8 in Axes
  3077 | D:3      | Reached skill level 4 in Armour
  3077 | D:3      | Reached skill level 4 in Dodging
  3161 | D:3      | Noticed Natasha
  3169 | D:3      | Killed Natasha
  3455 | D:3      | Found a blossoming altar of Fedhas.
  3536 | D:3      | Noticed Sigmund
  3543 | D:3      | Killed Sigmund
  3544 | D:3      | Reached skill level 4 in Throwing
  3680 | D:4      | Learned a level 1 spell: Apportation
  3683 | D:4      | Learned a level 2 spell: Blink
  3810 | D:4      | Reached skill level 1 in Evocations
  4099 | D:4      | Became a worshipper of Beogh the Brigand
  4703 | D:6      | Found Poruru Yfao's Antique Armour Boutique.
  4724 | D:6      | Reached skill level 9 in Axes
  4749 | D:6      | Found a glowing drain.
  4770 | Sewer    | Entered a sewer
  4876 | Sewer    | Reached XP level 9. HP: 43/75 MP: 9/9
  5027 | Sewer    | Found a white marble altar of Elyvilon.
  5089 | D:6      | Found Befiq's Magic Scroll Shop.
  5099 | D:6      | Bought a scroll of teleportation for 39 gold pieces
  5099 | D:6      | Bought a scroll of identify for 26 gold pieces
  5099 | D:6      | Bought a scroll of immolation for 52 gold pieces
  5222 | D:6      | Reached skill level 2 in Evocations
  5239 | D:6      | Found Tacuybe's Assorted Antiques.
  5243 | D:6      | Bought a scroll labelled KUWEYD EL BOG for 24 gold pieces
  5243 | D:6      | Bought a metallic ruby potion for 21 gold pieces
  5248 | D:6      | Found a burning altar of Makhleb.
  5284 | D:6      | Bought a scroll labelled ZOESOGAUTI for 24 gold pieces
  5284 | D:6      | Bought a scroll labelled LIMYTU NAFO for 24 gold pieces
  5304 | D:6      | Reached skill level 1 in Invocations
  5311 | D:6      | Reached skill level 6 in Fighting
  5402 | D:6      | Found Nixzy's Antique Weapon Boutique.
  5651 | D:6      | Noticed Edmund
  5663 | D:6      | Killed Edmund
  5664 | D:6      | Reached skill level 5 in Armour
  6032 | D:7      | Reached skill level 10 in Axes
  6058 | D:7      | Reached skill level 2 in Invocations
  6411 | D:6      | Reached * piety under Beogh
  6620 | D:7      | Reached skill level 5 in Throwing
  6735 | D:7      | Reached skill level 5 in Dodging
  6735 | D:7      | Reached skill level 3 in Evocations
  6894 | D:7      | Identified the ring "Cyrgh" {rPois rN+ rCorr Str+4}
  6970 | D:7      | HP: 2/73 [wight/+3 great sword of freezing (13)]
  6970 | D:7      | Slain by a wight

Illustrated notes

Levels and vault maps discovered:
D:1:      psy_arrival_radial01, layout_rooms
D:2:      layout_loops_cross, hellmonk_ecumenical_altar_run_dry
D:3:      layout_loops_ring, fedhas_altar_3, minmay_misc_feat_alley,
          uniq_jessica, uniq_ijyb, uniq_grinder, uniq_sigmund, uniq_natasha,
          uniq_terence
D:4:      layout_loops_corners
D:5:      layout_basic, marbit_many_paths, trog_ov_bears_minmay,
          minmay_temple_entry_arrows, minmay_misc_feat_secret_circle,
          uniq_menkaure, uniq_blork_the_orc, uniq_crazy_yiuf_cottage
D:6:      layout_basic, amcnicky_altar_gilded, serial_shops, shop,
          nicolae_inconvenience_store, nicolae_shop_trees, shop,
          cheibrodos_sewer_entry_bend, uniq_edmund
D:7:      layout_loops_ring, kennysheep_mini

Skill      XL: |  1  2  3  4  5  6  7  8  9 |
---------------+----------------------------+-----
Throwing       | 2 3 4 5 |  5.0
Armour         | 1 2 3 4 5 |  5.4
Fighting       | 3 4 5 6 |  6.6
Axes           | 5 6 7 9 10 | 10.5
Dodging        | 3 4 5 |  5.0
Evocations     | 1 3 |  3.0
Invocations    | 2 |  2.8

Action                     |  1- 3 |  4- 6 |  7- 9 || total
---------------------------+-------+-------+-------++-------
  Melee: War axe           |    86 |    42 |   343 ||   471
         Punch             |     1 |     1 |     2 ||     4
         Unarmed           |    10 |       |       ||    10
         Hand axe          |       |       |     6 ||     6
  Throw: Boomerang         |     3 |    12 |     8 ||    23
         Throwing net      |       |       |     1 ||     1
         Dart              |       |       |     5 ||     5
 Invoke: Convert to Beogh  |       |       |     1 ||     1
  Evoke: Wand              |       |       |     5 ||     5
    Use: Potion            |       |       |     1 ||     1
         Scroll            |       |       |    10 ||    10
 Armour: Ring mail         |    18 |       |       ||    18
         Plate armour      |    26 |    31 |    36 ||    93
         Scale mail        |       |       |   170 ||   170
  Dodge: Dodged            |    56 |    15 |   243 ||   314

Table legend: (Time is in decaauts)
 A = Elapsed time spent in this place.
 B = Non-inter-level travel time spent in this place.
 C = Inter-level travel time spent in this place.
 D = Time resting spent in this place.
 E = Time spent auto-exploring this place.
 F = Levels seen in this place.
 G = Mean time per level.
                   A        B        C        D        E       F      G
               +--------+--------+--------+--------+--------+-----+--------+
         Total |   7034 |   6763 |    271 |   1663 |   3691 |   8 |  879.2 |
       Dungeon |   6720 |   6449 |    271 |   1574 |   3595 |   7 |  960.0 |
         Sewer |    313 |    313 |      0 |     89 |     96 |   1 |  313.0 |
               +--------+--------+--------+--------+--------+-----+--------+

Top non-repeatable levels by time:
     D:5: 1368 daAuts
     D:6: 1178 daAuts
     D:4: 1055 daAuts
     D:3: 1037 daAuts
     D:7: 799 daAuts
     D:2: 723 daAuts
     D:1: 558 daAuts
   Sewer: 313 daAuts
